 Dungeon Crawl Stone Soup version 0.20-a0-351-gc9b4002 (webtiles) character file.

574193 snakesoul the Impregnable (level 25, -45/245 HPs)
             Began as a Minotaur Fighter on Dec 25, 2016.
             Was the Champion of Okawaru.
             Killed from afar by an orb of fire (59 damage)
             ... with a fireball
             ... on level 1 of the Realm of Zot.
             The game lasted 03:29:04 (75615 turns).

snakesoul the Impregnable (Minotaur Fighter)       Turns: 75615, Time: 03:29:08

Health: -45/245    AC: 40    Str: 26    XL:     25   Next: 73%
Magic:  22/22      EV: 26    Int:  6    God:    Okawaru [******]
Gold:   2945       SH:  2    Dex: 26    Spells: 24/24 levels left

rFire  . . .     SeeInvis .     E - +7 Screaming Sword
rCold  + . .     Gourm    .     G - +8 chain mail "Kegeasepn" {rF+}
rNeg   . . .     Faith    .     (no shield)
rPois  .         Spirit   .     C - +2 hat of Eternity {Int+3}
rElec  .         Reflect  +     Z - +2 cloak "Cecorail" {+Blink rF- MR+ Slay+3}
rCorr  .         Harm     .     b - +2 pair of gloves {Dex+3}
MR     ++...                    c - +2 pair of boots
Stlth  ..........               L - +2 amulet of reflection
                                k - ring of Naxtuzio {rC+ Str+4 Int-2 Dex+2}
                                y - +5 ring of slaying

@: lethally poisoned (-45 -> -48)
A: retaliatory headbutt, horns 2, subdued magic 1
}: 3/15 runes: decaying, silver, gossamer
a: Heroism, Finesse, Renounce Religion, Evoke Blink


You were on level 1 of the Realm of Zot.
You worshipped Okawaru.
Okawaru was exalted by your worship.
You were hungry.

You visited 9 branches of the dungeon, and saw 43 of its levels.
You also visited: Sewer.

You collected 5001 gold pieces.
You spent 2056 gold pieces at shops.

Inventory:

Hand Weapons
 E - the +7 Screaming Sword (weapon)
   (You found it on level 5 of the Vaults)
 X - a +9 longbow of freezing
Missiles
 U - 1616 arrows
Armour
 b - a +2 pair of gloves of dexterity (worn)
 c - a +2 pair of boots (worn)
 C - the +2 hat of Eternity (worn) {Int+3}
   (You acquired it on level 15 of the Dungeon)

   It affects your intelligence (+3).
 G - the +8 chain mail "Kegeasepn" (worn) {rF+}
   (You found it on level 2 of the Vaults)

   It protects you from fire.
 J - a +2 buckler of protection
 Z - the +2 cloak "Cecorail" (worn) {+Blink rF- MR+ Slay+3}
   (Okawaru gifted it to you on level 1 of the Vaults)

   It affects your accuracy and damage with ranged weapons and melee attacks
   (+3).
   It makes you vulnerable to fire.
   It affects your resistance to hostile enchantments.
   It lets you blink.
Jewellery
 k - the ring of Naxtuzio (right hand) {rC+ Str+4 Int-2 Dex+2}
   (You bought it in a shop on level 5 of the Vaults)

   [ring of protection from cold]

   It affects your strength (+4).
   It affects your intelligence (-2).
   It affects your dexterity (+2).
   It protects you from cold.
 y - a +5 ring of slaying (left hand)
 F - a +2 ring of dexterity
 L - a +2 amulet of reflection (around neck)
Wands
 I - a wand of digging (8/24)
 N - a wand of acid (3/15)
 P - a wand of disintegration (9/24)
 R - a wand of lightning (8/15)
Scrolls
 e - 11 scrolls of remove curse
 j - 7 scrolls of recharging
 n - 22 scrolls of teleportation
 o - 3 scrolls of enchant weapon
 p - 8 scrolls of magic mapping
 r - 5 scrolls of amnesia
 s - a scroll of silence
 u - 2 scrolls of blinking
 x - 2 scrolls of fear
 H - 3 scrolls of fog
 K - 4 scrolls of identify
 M - 4 scrolls of enchant armour
 O - a scroll of holy word
 T - 2 scrolls of brand weapon
Potions
 a - 4 potions of cancellation
 d - 3 potions of brilliance
 h - 8 potions of flight
 i - 7 potions of curing
 l - 13 potions of lignification
 m - 5 potions of magic
 w - 8 potions of haste
 z - a potion of beneficial mutation {unknown}
 B - 4 potions of invisibility
 D - a potion of heal wounds
 Q - 3 potions of berserk rage
 S - 2 potions of agility
 V - 12 potions of ambrosia
 W - 6 potions of resistance
 Y - 2 potions of cure mutation
Comestibles
 f - 22 bread rations
 g - 17 fruits
 q - 15 beef jerkies
 t - 19 meat rations
 v - 4 royal jellies
 A - 3 slices of pizza


   Skills:
 + Level 23.8 Fighting
 + Level 23.5 Long Blades
 + Level 19.7 Bows
 * Level 26.8 Armour
 + Level 18.6 Dodging
 - Level 11.2 Shields


You had 24 spell levels left.
You didn't know any spells.

Dungeon Overview and Level Annotations

Branches:
Dungeon (15/15)            Temple (1/1) D:7            Lair (6/6) D:10
  Swamp (4/4) Lair:3       Spider (4/4) Lair:2        Slime (0/5) Lair:5
    Orc (2/2) D:9             Elf (0/3) Orc:2        Vaults (5/5) D:14
  Crypt (0/3) Vaults:3     Depths (5/5) D:15            Zot (1/5) Depths:5

Altars:
Ashenzari
Cheibriados
Dithmenos
Elyvilon
Fedhas
Gozag
Hepliaklqana
Kikubaaqudgha
Makhleb
Nemelex Xobeh
Okawaru
Qazlal
Ru
Sif Muna
Trog
Uskayaw
Vehumet
Xom
Yredelemnul
Zin
The Shining One
Beogh

Shops:
D:5 [   D:7 (   D:11 !   D:15 }   Orc:1 :   Orc:2 [=*[(:(   Vaults:1 (
Vaults:3 :   Vaults:5 =!%%%?!?!   Depths:4 %*[?   Depths:5 *

Portals:
Hell: Depths:1 Depths:2 Depths:3 Depths:4 Depths:5
Abyss: Depths:3 Depths:4
Pandemonium: Depths:3 Depths:4 Depths:5
Ziggurat: Depths:3

Annotations:
Swamp:1 1 runed door


Innate Abilities, Weirdness & Mutations

You reflexively headbutt those who attack you in melee.
You have a pair of horns on your head.
Your spells are a little easier to cast, but a little less powerful.


Message History

The Orb prevents control of your translocation!
You blink.
As you read the scroll of blinking, it crumbles to dust.
You are engulfed in poison gas.
You are poisoned.
* * * LOW HITPOINT WARNING * * *
You feel sick.
The orb of fire glows bright magenta.
Strange energies course through your body.
Your connection to magic feels subdued.
A black draconian stormcaller comes into view.
It is wielding a rapier.
Unknown command.
Your blink will be uncontrolled - continue anyway?
The Orb prevents control of your translocation!
You blink.
As you read the scroll of blinking, it crumbles to dust.
You feel sick.
The orb of fire emits a lurid red light.
The fireball explodes!
The fireball engulfs you!
You die...

#...............##.........####
#..........#################
#..........+
#).........########### ##
#..........##. ...... ..#
#.......#####. #..#####.#####
#.............###.....##......
#...§#.........(...........# #
###...q#########@....##)...#.##.#
.....#(d(§§§§..(......#.........#
####+#.##.§§z.(#.####.#.#....###
..##§#§*§.((.....#.#.)..#
..##§###D##.####.#.#....# ..##
#(##.######.#....# ##
#D##........#....#
#≈q≈##########....# #§≈y≈≈#
#.......####


You could see an orb of fire, a curse toe and a fire dragon.

Vanquished Creatures
  An orb of fire (Zot:1)
  A juggernaut (Depths:3)
  Sojobo (Depths:1)
  Boris (twice) (Vaults:3 Depths:3)
  Bai Suzhen (Vaults:5)
  Saint Roka (Orc:2)
  A Killer Klown (Zot:1)
  the Lernaean hydra (Swamp:4)
  4 golden dragons
  Jory (Vaults:4)
  A bone dragon (Depths:5)
  9 tentacled monstrosities
  4 liches
  7 titans
  Asterion (Vaults:1)
  4 quicksilver dragons
  4 death cobs (Zot:1)
  6 sphinxes
  Gastronok (D:8)
  7 tengu reavers
  Agnes (D:14)
  12 storm dragons
  Frances (D:14)
  7 shadow dragons
  Kirke (D:14)
  4 thorn hunters
  Roxanne (D:14)
  Donald (Swamp:1)
  3 draconian monks
  13 frost giants
  6 fire giants
  A draconian knight (Zot:1)
  17 vault wardens
  5 ghost moths (Spider:4)
  Aizul (Swamp:1)
  2 iron dragons (Vaults:5)
  4 emperor scorpions
  A caustic shrike zombie (Depths:1)
  A balrug (Depths:1)
  A ghoul (Vaults:4)
  2 deep elf elementalists
  2 draconian shifters
  14 ironheart preservers
  2 war gargoyles
  5 spriggan defenders
  The ghost of removeelyvilon the Brawler, a journeyman NaTm of Hepliaklqana (Lair:6)
  A draconian stormcaller (Zot:1)
  A juggernaut skeleton (Depths:1)
  2 entropy weavers
  An entropy weaver (shapeshifter) (D:14)
  20 stone giants
  Nessos (D:14)
  32 very ugly things
  3 black draconians (Zot:1)
  4 vampire knights
  2 green draconians
  4 deep elf demonologists
  2 dire elephants (Lair:6)
  3 red draconians (Zot:1)
  4 white draconians
  A dire elephant (shapeshifter) (D:14)
  3 yellow draconians
  9 spark wasps
  6 purple draconians
  Josephine (Orc:1)
  18 ettins
  2 green deaths
  The ghost of sergedm the Eclecticist, a journeyman DECj of Vehumet (Lair:4)
  7 fire dragons
  5 deep elf high priests
  3 jiangshi (Depths:1)
  19 yaktaur captains
  28 hydras
  Harold (Lair:2)
  6 rakshasas
  37 vault guards
  A monstrous demonspawn (Depths:4)
  7 great orbs of eyes
  16 ice dragons
  3 catoblepae
  A ghost crab (Swamp:1)
  20 centaur warriors
  An anaconda (Lair:6)
  2 dancing weapons (Vaults:5)
  A death knight (Vaults:5)
  17 alligators
  2 anacondas (shapeshifter)
  71 two-headed ogres
  9 deep troll shamans
  15 ogre magi
  8 death yaks (Lair:4)
  13 deep troll earth magi
  2 orc high priests (Orc:2)
  4 vampire magi
  5 tengu warriors
  2 shock serpents (shapeshifter)
  2 soul eaters
  3 spriggan berserkers
  7 deep elf knights
  2 sun demons
  2 hell knights
  15 spriggans
  2 shadow wraiths
  A storm dragon skeleton (Depths:3)
  14 skeletal warriors
  4 glowing orange brains
  A torturous demonspawn (Depths:5)
  A swamp dragon (shapeshifter) (Depths:2)
  A golden dragon skeleton (Depths:3)
  2 unseen horrors
  5 spriggan druids
  14 swamp dragons
  25 ironbrand convokers
  40 deep trolls
  4 flayed ghosts
  3 iron trolls
  A gelid demonspawn (Depths:5)
  3 shambling mangroves
  3 phantasmal warriors
  7 deep elf archers
  A shadow dragon zombie (Depths:3)
  8 wizards
  7 necromancers
  15 orc knights
  4 oklob plants (Lair:4)
  2 shining eyes (shapeshifter)
  2 tengu skeletons (Vaults:3)
  12 orb spiders
  9 deep elf magi
  A shadow dragon skeleton (Vaults:3)
  A frost giant zombie (Vaults:5)
  4 harpies (Vaults:2)
  25 wolf spiders
  6 orc sorcerers
  Maurice (D:8)
  A wolf spider (shapeshifter) (Vaults:5)
  66 ugly things
  4 cyclopes
  A fire giant skeleton (Vaults:5)
  A salamander (shapeshifter) (Vaults:5)
  10 elephants (Lair:6)
  3 manticores
  2 guardian serpents (shapeshifter)
  A moth of wrath (shapeshifter) (D:14)
  6 moths of wrath (Zot:1)
  8 black mambas
  A frost giant skeleton (Vaults:3)
  An eye of devastation (shapeshifter) (Depths:3)
  2 torpor snails
  The ghost of Beholder179 the Skirmisher, a novice FoGl of Uskayaw (D:4)
  Joseph (Lair:1)
  An orange demon (Depths:4)
  7 rime drakes
  27 vault sentinels
  23 spiny frogs
  7 centaur skeletons
  17 komodo dragons
  A gargoyle (D:13)
  10 freezing wraiths
  A yaktaur (shapeshifter) (Depths:3)
  83 yaktaurs
  2 yaktaur zombies
  3 yaktaur skeletons (Vaults:3)
  2 kobold demonologists
  8 demonic crawlers
  2 ice devils
  An efreet (D:15)
  3 meliai (Spider:2)
  2 tengu conjurers
  7 tyrant leeches
  A jumping spider (shapeshifter) (Vaults:1)
  28 hornets
  22 jumping spiders
  A merfolk (shapeshifter) (Vaults:5)
  A meliai (shapeshifter) (Vaults:2)
  8 trolls
  A tengu simulacrum (Depths:3)
  14 hippogriffs
  2 bog bodies
  A raiju (shapeshifter) (Vaults:4)
  69 slime creatures
  8 blink frogs
  An ettin zombie (Vaults:5)
  A fire giant simulacrum (Depths:3)
  4 shadows
  A redback (shapeshifter) (Vaults:2)
  7 wyverns
  A wyvern (shapeshifter) (Vaults:5)
  A basilisk (shapeshifter) (Vaults:2)
  70 redbacks
  50 yaks
  28 tarantellas
  3 water elementals (D:15)
  7 wraiths
  An elf simulacrum (Depths:3)
  6 basilisks (D:14)
  A fire bat (shapeshifter) (Vaults:5)
  4 hungry ghosts
  2 steam dragons
  A human (shapeshifter) (Vaults:3)
  A neqoxec (Depths:4)
  A yaktaur simulacrum (Vaults:5)
  7 hogs (D:14)
  A chaos spawn (Depths:5)
  19 vampire mosquitoes
  A swamp worm (shapeshifter) (Depths:5)
  24 swamp worms
  A naga (shapeshifter) (Vaults:5)
  5 wargs
  4 insubstantial wisps (Swamp:2)
  2 human zombies
  4 acid dragons
  A soldier ant (D:14)
  A soldier ant (shapeshifter) (Vaults:3)
  An acid dragon (shapeshifter) (Vaults:5)
  A floating eye (shapeshifter) (Vaults:3)
  6 human skeletons
  19 swamp drakes
  16 water moccasins
  A floating eye (Depths:5)
  5 hell hounds
  14 porcupines
  A black bear (D:6)
  5 sky beasts
  47 orc warriors
  7 ice beasts
  A necrophage (D:11)
  A black bear (shapeshifter) (D:15)
  3 phantoms
  37 ogres
  9 wolves
  4 boggarts (Depths:4)
  44 centaurs
  An orc skeleton (Vaults:2)
  16 crocodiles
  8 big kobolds
  Blork the orc (D:5)
  A glowing shapeshifter simulacrum (Depths:3)
  A gnoll sergeant (D:8)
  22 bullfrogs
  4 scorpions
  4 killer bees (D:8)
  An electric eel (Lair:5)
  17 wights
  6 howler monkeys
  A human simulacrum (Vaults:2)
  A quasit (D:11)
  3 centaur zombies
  13 crimson imps
  3 bullfrog zombies
  3 bullfrog skeletons
  10 hounds
  37 orc wizards
  22 orc priests
  6 jellies
  Terence (D:3)
  5 iguanas
  Natasha (D:3)
  11 worker ants
  A worker ant (shapeshifter) (Depths:5)
  2 hound skeletons
  13 gnolls
  20 adders
  A river rat (Sewer)
  3 shadow imps
  4 oozes
  An adder skeleton (D:4)
  6 worms
  2 dart slugs
  5 leopard geckos
  122 orcs
  8 bats
  11 giant cockroaches
  10 goblins
  7 hobgoblins
  7 jackals (D:4)
  26 kobolds
  6 quokkas
  4 ball pythons
  5 frilled lizards
  A jackal skeleton (D:5)
  A leopard gecko skeleton (D:6)
  A quokka zombie (D:8)
  12 rats
  2 fungi
  6 plants
2295 creatures vanquished.

Vanquished Creatures (others)
  A fire giant (Depths:3)
  A stone giant (D:14)
  A centaur warrior (Vaults:1)
  4 yaktaurs
  A hornet (Swamp:2)
  A tyrant leech (Swamp:2)
  A tarantella (Spider:1)
  A swamp worm (Swamp:2)
  An ogre (Vaults:4)
  A worker ant (shapeshifter) (Vaults:2)
  2 orcs
  15 fungi
  18 plants
48 creatures vanquished.

Grand Total: 2343 creatures vanquished

Notes
Turn   | Place    | Note
-------+----------+-------------------------------------------
     0 | D:1      | snakesoul the Minotaur Fighter began the quest for the Orb.
     0 | D:1      | Reached XP level 1. HP: 19/19 MP: 0/0
    65 | D:1      | Reached XP level 2. HP: 13/27 MP: 1/1
   496 | D:1      | Reached XP level 3. HP: 8/33 MP: 2/2
   980 | D:2      | Found a blossoming altar of Fedhas.
   983 | D:2      | Found an ancient bone altar of Kikubaaqudgha.
  1017 | D:2      | Found a hazy altar of Hepliaklqana.
  1385 | D:2      | Reached XP level 4. HP: 36/41 MP: 3/3
  1557 | D:3      | Found a glowing drain.
  1566 | Sewer    | Entered a sewer
  2096 | Sewer    | Reached XP level 5. HP: 42/47 MP: 4/4
  2190 | Sewer    | Reached skill level 5 in Fighting
  2190 | Sewer    | Reached skill level 5 in Long Blades
  2241 | Sewer    | Reached XP level 6. HP: 32/56 MP: 5/5
  2588 | Sewer    | Reached skill level 5 in Shields
  2743 | Sewer    | Reached XP level 7. HP: 54/64 MP: 6/6
  2942 | D:3      | Noticed Terence
  2949 | D:3      | Killed Terence
  3163 | D:3      | Noticed Natasha
  3166 | D:3      | Killed Natasha
  3428 | D:4      | Noticed Beholder179's ghost (novice FoGl)
  3471 | D:4      | HP: 2/64 [Beholder179's ghost (7)]
  3472 | D:4      | Killed Beholder179's ghost
  4108 | D:4      | Found a bloodstained altar of Trog.
  4285 | D:5      | Entered Level 5 of the Dungeon
  4291 | D:5      | Reached XP level 8. HP: 73/73 MP: 7/7
  4329 | D:5      | Got a translucent zirconium amulet
  4330 | D:5      | Identified the amulet "Nyg Ymn" {Harm *Drain Dex+2} (You found it on level 5 of the Dungeon)
  4524 | D:5      | Noticed Blork the orc
  4618 | D:5      | Killed Blork the orc
  4831 | D:5      | You fall through a shaft for 2 floors!
  5013 | D:5      | Found Rounim's Armour Shop.
  6063 | D:6      | Reached XP level 9. HP: 50/83 MP: 8/8
  6365 | D:6      | Reached skill level 10 in Long Blades
  6526 | D:7      | Found a radiant altar of Vehumet.
  6698 | D:7      | Found a staircase to the Ecumenical Temple.
  6707 | Temple   | Entered the Ecumenical Temple
  7015 | D:7      | Found a blossoming altar of Fedhas.
  7256 | D:7      | Found Lonuq's Weapon Boutique.
  7400 | D:8      | Noticed Maurice
  7414 | D:8      | Killed Maurice
  7414 | D:8      | Reached skill level 10 in Fighting
  7912 | D:8      | Noticed a two-headed ogre
  7925 | D:8      | Killed a two-headed ogre
  7925 | D:8      | Reached XP level 10. HP: 82/96 MP: 9/9
  8027 | D:8      | Noticed Gastronok
  8046 | D:8      | Killed Gastronok
  8469 | D:8      | Found an iron altar of Okawaru.
  8476 | D:8      | Became a worshipper of Warmaster Okawaru
  8976 | D:9      | Found a roughly hewn altar of Beogh.
  8976 | D:9      | Found a staircase to the Orcish Mines.
  8996 | D:9      | Reached * piety under Okawaru
  9503 | D:9      | Reached XP level 11. HP: 106/106 MP: 10/10
  9776 | D:10     | Entered Level 10 of the Dungeon
  9839 | D:10     | Found a staircase to the Lair.
 10178 | D:10     | Reached skill level 10 in Shields
 10364 | D:10     | Noticed a two-headed ogre
 10374 | D:10     | Killed a two-headed ogre
 10374 | D:10     | Reached ** piety under Okawaru
 10963 | D:10     | Reached *** piety under Okawaru
 11533 | D:11     | Reached **** piety under Okawaru
 11830 | D:11     | Found an iron altar of Okawaru.
 12155 | D:11     | Found Arakeh's Distillery.
 12246 | D:11     | Reached skill level 1 in Bows
 12416 | Orc:1    | Entered Level 1 of the Orcish Mines
 12417 | Orc:1    | Found a bloodstained altar of Trog.
 12444 | Orc:1    | Noticed a two-headed ogre
 12445 | Orc:1    | Noticed Josephine
 12448 | Orc:1    | Noticed an orc sorcerer
 12502 | D:9      | Killed a two-headed ogre
 12502 | D:9      | Reached XP level 12. HP: 73/118 MP: 11/11
 12765 | Orc:1    | Killed Josephine
 12765 | Orc:1    | Reached ***** piety under Okawaru
 13004 | Orc:1    | Received a gift from Okawaru
 13641 | Lair:1   | Entered Level 1 of the Lair of Beasts
 13663 | Lair:1   | Reached skill level 5 in Bows
 14083 | D:10     | Identified a scroll of acquirement
 14310 | Lair:1   | Reached skill level 15 in Fighting
 14497 | Lair:1   | Noticed Joseph
 14508 | Lair:1   | Killed Joseph
 14750 | Lair:2   | Noticed an eight-headed hydra
 14772 | Lair:2   | Killed an eight-headed hydra
 15154 | Lair:2   | Reached skill level 15 in Long Blades
 15843 | Lair:2   | Noticed Harold
 15860 | Lair:2   | Killed Harold
 15860 | Lair:2   | Received a gift from Okawaru
 16019 | Lair:2   | Found a hole to the Spider Nest.
 16037 | Lair:2   | Reached XP level 13. HP: 120/127 MP: 12/12
 16142 | Lair:2   | Got a pair of transparent boots
 16153 | Lair:2   | Identified the +1 pair of boots of the World {Stlth+} (You acquired it on level 2 of the Lair of Beasts)
 16312 | Lair:2   | Reached skill level 4 in Armour
 16337 | Lair:2   | Reached skill level 1 in Dodging
 16912 | Lair:3   | Found a staircase to the Swamp.
 17170 | Lair:3   | Received a gift from Okawaru
 17170 | Lair:3   | Reached skill level 5 in Armour
 17243 | Lair:3   | Received a gift from Okawaru
 17778 | Lair:4   | Received a gift from Okawaru
 17778 | Lair:4   | Reached skill level 6 in Armour
 18183 | Lair:4   | Reached ****** piety under Okawaru
 18355 | Lair:4   | Reached skill level 7 in Armour
 18489 | Lair:4   | Received a gift from Okawaru
 18499 | Lair:4   | Received a gift from Okawaru
 18538 | Lair:4   | Noticed sergedm's ghost (journeyman DECj)
 18551 | Lair:4   | Killed sergedm's ghost
 19029 | Lair:4   | Reached skill level 8 in Armour
 20023 | Lair:5   | Reached XP level 14. HP: 137/137 MP: 13/13
 20210 | Lair:5   | Found a staircase to the Slime Pits.
 20279 | Lair:5   | Reached skill level 9 in Armour
 20286 | Lair:5   | Reached skill level 5 in Dodging
 20287 | Lair:5   | Received a gift from Okawaru
 20810 | Lair:6   | Entered Level 6 of the Lair of Beasts
 20819 | Lair:6   | Reached skill level 10 in Bows
 20940 | Lair:6   | Received a gift from Okawaru
 21123 | Lair:6   | Noticed removeelyvilon's ghost (journeyman NaTm)
 21131 | Lair:6   | Killed removeelyvilon's ghost
 21360 | Lair:6   | Received a gift from Okawaru
 21568 | Lair:6   | Reached skill level 10 in Armour
 21690 | Lair:6   | Received a gift from Okawaru
 22926 | Orc:2    | Entered Level 2 of the Orcish Mines
 22941 | Orc:2    | Found Ohetzeo's Armour Shop.
 23094 | Orc:1    | Found Utatushay's Book Emporium.
 23327 | Orc:2    | Received a gift from Okawaru
 23393 | Orc:2    | Noticed Saint Roka
 23400 | Orc:2    | Killed Saint Roka
 23400 | Orc:2    | Received a gift from Okawaru
 23400 | Orc:2    | Reached skill level 11 in Armour
 23415 | Orc:2    | Paralysed by an orc sorcerer for 7 turns
 23425 | Orc:2    | Received a gift from Okawaru
 23432 | Orc:2    | Found a roughly hewn altar of Beogh.
 23901 | Orc:2    | Found Huymim's General Store.
 23909 | Orc:2    | Found Ihuipt's Antique Weapon Emporium.
 23920 | Orc:2    | Found Zuicane's Antique Armour Emporium.
 23930 | Orc:2    | Found Rukk's Jewellery Emporium.
 24041 | Orc:2    | Received a gift from Okawaru
 24058 | Orc:2    | Got a translucent scimitar {god gift}
 24059 | Orc:2    | Identified the +4 scimitar "Irar" {venom, *Drain +Blink rC- Str+10} (Okawaru gifted it to you on level 2 of the Orcish Mines)
 24090 | Orc:2    | Found a burning altar of Makhleb.
 24511 | Orc:2    | Found a staircase to the Elven Halls.
 24544 | Orc:2    | Found Ixoseg's Book Boutique.
 24571 | Orc:2    | Found Xoutar's Antique Weapon Shoppe.
 24875 | D:12     | Reached XP level 15. HP: 146/146 MP: 14/14
 26325 | Spider:1 | Entered Level 1 of the Spider Nest
 26335 | Spider:1 | Reached skill level 12 in Armour
 26524 | Spider:1 | Received a gift from Okawaru
 28612 | Spider:2 | Reached skill level 13 in Armour
 28636 | Spider:2 | Received a gift from Okawaru
 29151 | Spider:2 | Received a gift from Okawaru
 29167 | Spider:2 | Got a polished scimitar {god gift}
 29198 | Spider:2 | Identified the +6 scimitar of the Genius {chaos, -Tele Str+3 Int+3} (Okawaru gifted it to you on level 2 of the Spider Nest)
 29378 | Spider:3 | Got a fine turquoise ring
 29418 | Spider:2 | Identified the ring "Keirr" {Ice rN+ Str+4 Stlth+} (You found it on level 3 of the Spider Nest)
 30164 | Spider:4 | Entered Level 4 of the Spider Nest
 31036 | Spider:4 | Killed a ghost moth
 31036 | Spider:4 | Received a gift from Okawaru
 31201 | Spider:4 | Reached XP level 16. HP: 144/155 MP: 15/15
 31250 | Spider:4 | Received a gift from Okawaru
 31537 | Spider:4 | Reached skill level 14 in Armour
 31913 | Spider:4 | Paralysed by a hornet for 1 turns
 32261 | Spider:4 | Received a gift from Okawaru
 32778 | Spider:4 | Received a gift from Okawaru
 34099 | Spider:4 | Got a gossamer rune of Zot
 34279 | Swamp:1  | Entered Level 1 of the Swamp
 34401 | Swamp:1  | Noticed Donald
 34409 | Swamp:1  | Killed Donald
 34409 | Swamp:1  | Received a gift from Okawaru
 34472 | Swamp:1  | Noticed Aizul
 34521 | Swamp:1  | Killed Aizul
 35019 | Swamp:1  | Reached skill level 15 in Armour
 35284 | Swamp:1  | Found a runed door.
 35284 | Swamp:1  | Noticed a tentacled monstrosity
 35900 | Swamp:2  | Received a gift from Okawaru
 36162 | Swamp:2  | Reached skill level 10 in Dodging
 36876 | Swamp:3  | Got twisted storm dragon scales
 36877 | Swamp:3  | Identified the cursed +0 storm dragon scales of Duant {+Blink rElec rN+} (You found it on level 3 of the Swamp)
 36936 | Swamp:3  | Received a gift from Okawaru
 36941 | Swamp:3  | Got a transparent shortbow {god gift}
 36942 | Swamp:3  | Identified the +7 shortbow of Zireo {velocity, rC+ Str-5 Int-3 Dex+8} (Okawaru gifted it to you on level 3 of the Swamp)
 37242 | Swamp:3  | Reached XP level 17. HP: 159/165 MP: 16/16
 37918 | Swamp:4  | Entered Level 4 of the Swamp
 38440 | Swamp:3  | Received a gift from Okawaru
 38587 | Swamp:3  | Reached skill level 16 in Armour
 39722 | Swamp:4  | Received a gift from Okawaru
 39736 | Swamp:4  | Noticed the 27-headed Lernaean hydra
 39746 | Swamp:4  | Killed the 27-headed Lernaean hydra
 40062 | Swamp:4  | Got a decaying rune of Zot
 40567 | D:13     | Received a gift from Okawaru
 41566 | D:13     | Received a gift from Okawaru
 42093 | D:14     | Noticed Roxanne
 42115 | D:14     | Killed Roxanne
 42125 | D:14     | Identified Roxanne's Catalogue of Stones (You took it off Roxanne on level 14 of the Dungeon)
 42139 | D:14     | Reached skill level 17 in Armour
 42141 | D:14     | Noticed Frances
 42150 | D:14     | Killed Frances
 42300 | D:14     | Found a gate to the Vaults.
 42396 | D:14     | Noticed Kirke
 42806 | D:14     | Noticed Agnes
 42813 | D:14     | Killed Agnes
 42813 | D:14     | Reached XP level 18. HP: 157/174 MP: 17/17
 42843 | D:14     | Noticed Nessos
 42854 | D:14     | Killed Nessos
 43735 | D:14     | Received a gift from Okawaru
 43740 | D:14     | Killed Kirke
 43743 | D:14     | Got a brightly glowing cloak {god gift}
 43754 | D:14     | Identified the +1 cloak "Seky" {+Blink} (Okawaru gifted it to you on level 14 of the Dungeon)
 44641 | D:15     | Entered Level 15 of the Dungeon
 44762 | D:15     | Got a smoking hat
 44775 | D:15     | Identified the +2 hat of Eternity {Int+3} (You acquired it on level 15 of the Dungeon)
 44876 | D:15     | Reached skill level 18 in Armour
 45399 | D:15     | Found Ykoa's Gadget Emporium.
 45411 | D:15     | Found an opulent altar of Gozag.
 45842 | D:15     | Found a staircase to the Depths.
 46087 | Vaults:1 | Entered Level 1 of the Vaults
 46836 | Vaults:1 | Found Niugosen's Antique Weapon Shoppe.
 46875 | Vaults:1 | Received a gift from Okawaru
 46890 | Vaults:1 | Got a scorched cloak {god gift}
 46901 | Vaults:1 | Identified the +2 cloak "Cecorail" {+Blink rF- MR+ Slay+3} (Okawaru gifted it to you on level 1 of the Vaults)
 47991 | Vaults:1 | Reached XP level 19. HP: 183/183 MP: 18/18
 48175 | Vaults:1 | Noticed Asterion
 48193 | Vaults:1 | Killed Asterion
 48636 | Vaults:2 | Reached skill level 19 in Armour
 48893 | Vaults:2 | Got a translucent chain mail
 48894 | Vaults:2 | Identified the +8 chain mail "Kegeasepn" {rF+} (You found it on level 2 of the Vaults)
 49024 | Vaults:2 | Received a gift from Okawaru
 49219 | Vaults:2 | Received a gift from Okawaru
 49823 | Vaults:2 | Reached skill level 15 in Bows
 50718 | Vaults:2 | Received a gift from Okawaru
 51647 | Vaults:3 | Reached skill level 20 in Armour
 51681 | Vaults:3 | Received a gift from Okawaru
 52169 | Vaults:3 | Reached XP level 20. HP: 147/193 MP: 19/19
 53086 | Vaults:3 | Found a staircase to the Crypt.
 53126 | Vaults:3 | Found Sijam's Book Emporium.
 53328 | Vaults:3 | Noticed Boris
 53358 | Vaults:3 | HP: 8/194 [something/iron shot (14)]
 53884 | Vaults:3 | Killed Boris
 53972 | Vaults:3 | Received a gift from Okawaru
 53998 | Vaults:3 | Paralysed by a floating eye for 4 turns
 54595 | Vaults:4 | Noticed Jory
 54626 | Vaults:4 | Killed Jory
 54679 | Vaults:3 | Gained mutation: You are partially covered in molten scales. (AC +2) [potion of mutation]
 54679 | Vaults:3 | Gained mutation: You have sharp toenails. [potion of mutation]
 54679 | Vaults:3 | Gained mutation: Your mind is acute. (Int +2) [potion of mutation]
 55353 | Vaults:4 | Reached skill level 21 in Armour
 56740 | Vaults:4 | Received a gift from Okawaru
 56912 | Vaults:4 | Reached XP level 21. HP: 158/202 MP: 20/20
 57108 | Vaults:4 | Received a gift from Okawaru
 57563 | Vaults:5 | Entered Level 5 of the Vaults
 59394 | Vaults:4 | Reached skill level 22 in Armour
 59800 | Vaults:4 | Received a gift from Okawaru
 60753 | Vaults:5 | Reached skill level 15 in Dodging
 61133 | Vaults:5 | Received a gift from Okawaru
 61137 | Vaults:5 | Got a faintly glowing scale mail {god gift}
 61138 | Vaults:5 | Identified the +4 scale mail "Xihuef" {-Tele rElec SInv Stlth+} (Okawaru gifted it to you on level 5 of the Vaults)
 61316 | Vaults:5 | Reached XP level 22. HP: 182/213 MP: 21/21
 61571 | Vaults:5 | Got a silver rune of Zot
 61994 | Vaults:5 | Got a brightly glowing amethyst amulet
 62120 | Vaults:5 | Noticed Bai Suzhen
 62134 | Vaults:5 | Killed Bai Suzhen
 62285 | Vaults:5 | Found Huicw's Food Shoppe.
 62285 | Vaults:5 | Found Dimao's Food Shop.
 62288 | Vaults:5 | Found Caschoj's Distillery.
 62320 | Vaults:5 | Identified the amulet of Zalem {RegenMP Str+2} (You took it off a frost giant on level 5 of the Vaults)
 62545 | Vaults:5 | Found Utanejuo's Distillery.
 62564 | Vaults:5 | Found Ciwocani's Magic Scroll Shop.
 62568 | Vaults:5 | Found Hoalip's Food Shoppe.
 62594 | Vaults:5 | Found Naudgh's Distillery.
 62594 | Vaults:5 | Found Lewoj's Magic Scroll Emporium.
 62603 | Vaults:5 | Bought a potion of heal wounds for 105 gold pieces
 62603 | Vaults:5 | Bought a potion of heal wounds for 105 gold pieces
 62603 | Vaults:5 | Bought a potion of heal wounds for 105 gold pieces
 62654 | Vaults:5 | Lost mutation: Your mind is acute. (Int +2) [potion of cure mutation]
 62654 | Vaults:5 | Lost mutation: You have sharp toenails. [potion of cure mutation]
 62654 | Vaults:5 | Lost mutation: You are partially covered in molten scales. (AC +2) [potion of cure mutation]
 62869 | Vaults:5 | Reached skill level 23 in Armour
 63289 | Vaults:5 | Found Laol's Jewellery Shop.
 63303 | Vaults:5 | Got a pair of faintly glowing gloves
 63314 | Vaults:5 | Identified the +3 pair of gloves "Yzunwec" {*Drain Str-5 Int+8 Stlth+} (You found it on level 5 of the Vaults)
 63330 | Vaults:5 | Bought the ring of Naxtuzio {rC+ Str+4 Int-2 Dex+2} for 727 gold pieces
 63634 | Vaults:5 | Received a gift from Okawaru
 64084 | Depths:1 | Entered Level 1 of the Depths
 64100 | D:15     | Received a gift from Okawaru
 65063 | Depths:1 | Reached XP level 23. HP: 201/222 MP: 22/22
 65121 | Depths:1 | Found a gateway to Hell.
 65288 | Depths:2 | Noticed Sojobo
 65398 | Depths:1 | Killed Sojobo
 65572 | Depths:1 | Reached skill level 24 in Armour
 65777 | Depths:2 | Received a gift from Okawaru
 66372 | Depths:2 | Got a faintly glowing ring mail
 66373 | Depths:2 | Identified the +5 ring mail of the Big Bang {+Fly rElec rF+} (You found it on level 2 of the Depths)
 66387 | Depths:2 | Received a gift from Okawaru
 66390 | Depths:2 | Got a spiked scale mail {god gift}
 66391 | Depths:2 | Identified the +2 scale mail of Relativism {rPois} (Okawaru gifted it to you on level 2 of the Depths)
 67249 | Depths:3 | Found a one-way gate to the infinite horrors of the Abyss.
 67420 | Depths:3 | Found a gateway to a ziggurat.
 67873 | Depths:3 | Paralysed by a floating eye for 3 turns
 68484 | Depths:3 | Received a gift from Okawaru
 68762 | Depths:3 | Noticed a juggernaut
 68773 | Depths:3 | Killed a juggernaut
 68773 | Depths:3 | Received a gift from Okawaru
 69061 | Depths:3 | Reached XP level 24. HP: 233/233 MP: 22/22
 69118 | Depths:3 | Reached skill level 25 in Armour
 69149 | Depths:3 | Received a gift from Okawaru
 69330 | Depths:3 | Received a gift from Okawaru
 69343 | Depths:3 | Got a smoking shortbow {god gift}
 69344 | Depths:3 | Identified the +6 shortbow of Akhlaco {venom, rElec} (Okawaru gifted it to you on level 3 of the Depths)
 69424 | Depths:3 | Identified the Grimoire of Poison
 69455 | Depths:3 | Found a one-way gate leading to the halls of Pandemonium.
 70083 | Depths:4 | Noticed Boris
 70090 | Depths:4 | Found Xaof's General Store.
 70259 | Depths:3 | HP: 8/234 [something/iron shot (37)]
 70263 | Depths:3 | Killed Boris
 70681 | Depths:3 | Received a gift from Okawaru
 70975 | Depths:4 | Found Nouzanut's Food Shop.
 71010 | Depths:4 | Found Gutiun's Armour Boutique.
 71260 | Depths:4 | Found Retoapt's Magic Scroll Shop.
 71266 | Depths:4 | Bought a scroll of acquirement for 676 gold pieces
 71266 | Depths:4 | Bought a scroll of brand weapon for 260 gold pieces
 71275 | Depths:4 | Bought a scroll of identify for 26 gold pieces
 71275 | Depths:4 | Bought a scroll of identify for 26 gold pieces
 71275 | Depths:4 | Bought a scroll of identify for 26 gold pieces
 71279 | Depths:4 | Got a pair of smoking gloves
 71280 | Depths:4 | Identified the +2 pair of gloves of the Big Bang {rElec} (You acquired it on level 4 of the Depths)
 71651 | Depths:5 | Entered Level 5 of the Depths
 71733 | Depths:5 | Found Boufrufu's Assorted Antiques.
 72647 | Depths:5 | Received a gift from Okawaru
 72747 | Depths:5 | Received a gift from Okawaru
 73134 | Depths:5 | Reached skill level 26 in Armour
 73145 | Depths:5 | Reached XP level 25. HP: 235/243 MP: 22/22
 73566 | Depths:5 | Found a gate to the Realm of Zot.
 73845 | Depths:5 | Received a gift from Okawaru
 74162 | Zot:1    | Entered Level 1 of the Realm of Zot
 74320 | Zot:1    | Received a gift from Okawaru
 75453 | Zot:1    | Received a gift from Okawaru
 75521 | Zot:1    | Noticed an orb of fire
 75532 | Zot:1    | Killed an orb of fire
 75606 | Zot:1    | Noticed an orb of fire
 75614 | Zot:1    | Gained mutation: Your spells are a little easier to cast, but a little less powerful. [an orb of fire]
 75615 | Zot:1    | Killed from afar by an orb of fire

Vault maps used:
D:1:      minmay_arrival_stair_chambers, serial_bayou_pond_e
D:2:      grunt_temple_overflow_growth_and_decay, lemuel_round_altar
D:3:      portal_sewer_entry_d, minivault_25, minmay_misc_feat_alley,
          minmay_misc_feat_rows, st_stairs_10, uniq_natasha, uniq_terence
D:4:      bloody_trog
D:5:      serial_shops, nicolae_shop_waterfront, first_bread,
          kennysheep_small_spiral, uniq_blork_the_orc
D:6:      cheibrodos_helix_gallery
D:7:      lemuel_doored_altar, serial_shops, kennysheep_little_box,
          fedhas_altar_2
D:8:      kennysheep_mini, st_stairs_13, minmay_misc_feat_enclosed,
          uniq_gastronok, uniq_maurice
D:9:      david_orc_5
D:10:     minmay_lair_entry_lava
D:11:     serial_shops, nicolae_shop_trees, basic_altar
D:13:     minmay_box_of_statues
D:14:     minmay_octo_star, grunt_vaults_entry_fortified, special_room,
          uniq_kirke, uniq_frances, uniq_nessos, uniq_agnes, uniq_roxanne
D:15:     grunt_enter_depths_hoard, nicolae_gozag_seed_capital, serial_shops,
          nicolae_shop_behind_doors
Temple:   eino_temple_scatter_basement
Lair:1:   uniq_joseph
Lair:2:   minmay_guarded_unrand_snakebite, nicolae_spider_entry_non_spiders,
          beast_lair_carwin_10, uniq_harold
Lair:3:   swamp_mist, beast_lair_carwin_5
Lair:4:   minmay_lair_oklob_chamber, infiniplex_staircase_pool_2
Lair:5:   minmay_slime_entry_pillars, serial_bayou_pond_d, serial_bayou_shore_a
Lair:6:   due_jungle_book, serial_bayou_shore_b
Swamp:1:  cheibrodos_swamp_sealed, evilmike_swamp_ruin_house_4, swamp_pool1,
          uniq_donald, uniq_aizul
Swamp:2:  evilmike_swamp_ruin_house_1
Swamp:3:  serial_swamp_ruin, hangedman_swamp_ruin_wall,
          hangedman_swamp_ruin_hall
Swamp:4:  swamp_old_school
Spider:3: nicolae_spider_webs_and_nodes
Spider:4: grunt_spider_rune_parallel, spiders_nest_spider_trap
Orc:1:    basic_altar, serial_shops, nicolae_shop_trees,
          nicolae_orc_stony_grotto, uniq_josephine
Orc:2:    grunt_orc_cross, basic_altar, serial_shops, nicolae_shop_trees,
          nicolae_shop_behind_doors, nicolae_shop_overgrown_old_shop
Vaults:1: vaults_room_hangedman_quadrants, ontoclasm_vaults_ring_large,
          v_pattern_3, v_misc_18, nicolae_vaults_little_squares_1, serial_shops,
          shop, uniq_asterion
Vaults:2: v_rooms_6, nicolae_vaults_little_squares_6, ontoclasm_vaults_bender,
          vaults_mumra_hex, grunt_vaults_swirl, v_misc_25, v_misc_3,
          nicolae_vaults_alarming, hangedman_vaults_pinch,
          ontoclasm_vaults_hangar, st_spiral_rooms, vaults_dpeg_encased_lava
Vaults:3: minmay_crypt_entry_skeletal_spiral, vaults_mumra_lcd, st_more_cells,
          v_misc_22, hangedman_vaults_stitches, hangedman_vaults_snaps,
          nicolae_vaults_little_squares_4,
          vaults_standard_mumra_enter_the_diamond, v_pattern_5,
          hangedman_vaults_nails, nicolae_vaults_specimen_jars,
          vaults_room_fancy_cross, serial_shops, nicolae_shop_window_shopping,
          uniq_boris
Vaults:4: vaults_standard_mumra_enter_the_diamond,
          nicolae_vaults_little_squares_5, v_pattern_1, v_misc_14,
          vaults_room_glass_cross, v_misc_2, v_misc_1, vaults_dpeg_spiral,
          nicolae_vaults_theta, v_misc_14, v_misc_10, uniq_jory
Vaults:5: uniq_bai_suzhen
Depths:1: minmay_misc_feat_pillars, hellmouth_1, serial_bayou_shore_b,
          grunt_megastairs_4, firewood_loft
Depths:2: onia_ninara_swampy_vault, lightli_too_deep, minmay_misc_feat_tower,
          corexii_leaking_fountain, st_stairs_9,
          infiniplex_staircase_split_hallway, uniq_sojobo
Depths:3: grunt_runaround, abyss_entry, hell_entry, pan_entry
Depths:4: minmay_diamond_stairs, abyss_entry, dk_noncrumbling_4, serial_shops,
          nicolae_shop_waterfront, nicolae_shop_temple_entry_statues_fountains,
          nicolae_shop_statue_plus, nicolae_shop_temple_entry_statues_fountains,
          rand_demon_pan_entry_3, hell_entry, uniq_boris, uniq_enchantress
Depths:5: grunt_zot_entry_alcove, rand_demon_pan_entry_7,
          minmay_misc_feat_rugged, hell_entry, serial_shops, shop
Zot:1:    grunt_zot_stairs_mandelzot
Sewer:    sewer_co_tree

Skill      XL: |  1  2  3  4  5  6  7  8  9 10 11 12 13 14 15 16 17 18 19 20 21 22 23 24 |
---------------+-------------------------------------------------------------------------+-----
Long Blades    | 3 4 5 6 7 9 11 12 14 15 16 17 18 19 20 21 22 23 | 23.5
Fighting       | 4 5 6 7 9 11 12 14 15 16 17 18 19 20 21 22 23 | 23.8
Shields        | 4 5 6 7 8 9 11 | 11.2
Bows           | 2 8 9 10 11 12 13 14 15 16 17 18 19 | 19.7
Armour         | 8 11 13 15 17 18 20 21 22 23 24 26 | 26.8
Dodging        | 4 7 8 10 11 12 13 14 15 16 17 18 | 18.6

Action                   |  1- 3 |  4- 6 |  7- 9 | 10-12 | 13-15 | 16-18 | 19-21 | 22-24 | 25-27 || total
-------------------------+-------+-------+-------+-------+-------+-------+-------+-------+-------++-------
Melee: Long sword        |   106 |   157 |   451 |   152 |       |       |       |       |       ||   866
       Headbutt          |    15 |    19 |   101 |   197 |   134 |   231 |   342 |   273 |    54 ||  1366
       Scimitar          |       |       |       |   378 |       |       |       |       |       ||   378
       Great sword       |       |       |       |   118 |   463 |   658 |   175 |       |       ||  1414
       Morningstar       |       |       |       |     2 |       |       |       |       |       ||     2
       Longbow           |       |       |       |       |     1 |       |       |       |       ||     1
       Unarmed           |       |       |       |       |       |    18 |       |       |       ||    18
       Triple sword      |       |       |       |       |       |       |   580 |    43 |       ||   623
       Double sword      |       |       |       |       |       |       |       |   508 |   122 ||   630
 Fire: Shortbow          |       |       |       |    93 |       |    16 |       |       |       ||   109
       Longbow           |       |       |       |     2 |   576 |   797 |   561 |   965 |   266 ||  3167
Invok: Heroism           |       |       |       |     1 |     6 |     6 |     7 |     1 |       ||    21
 Abil: Evoke Blink       |       |       |       |       |       |       |       |     1 |       ||     1
  Use: Potion            |       |     1 |       |     3 |     2 |     7 |     8 |     8 |     2 ||    31
       Scroll            |       |       |     1 |    24 |     8 |    16 |     7 |    13 |     2 ||    71
 Stab: Distracted        |       |       |       |       |       |     1 |       |       |       ||     1
       Confused          |       |       |       |       |       |     1 |       |       |       ||     1
  Eat: Chunk             |     2 |     3 |    17 |    28 |    38 |    32 |    38 |    30 |     7 ||   195
       Pizza             |       |       |       |     1 |     1 |     1 |       |       |       ||     3
       Bread ration      |       |       |       |       |     2 |     1 |       |     1 |       ||     4
       Meat ration       |       |       |       |       |       |     2 |     1 |       |       ||     3
       Fruit             |       |       |       |       |       |     1 |       |       |       ||     1
       Beef jerky        |       |       |       |       |       |     2 |       |     1 |       ||     3
Armor: Scale mail        |    45 |    48 |   104 |       |       |       |       |       |       ||   197
       Chain mail        |       |       |    64 |    31 |       |       |   475 |   348 |    77 ||   995
       Plate armour      |       |       |       |   242 |   464 |   660 |    42 |       |       ||  1408
Dodge: Dodged            |    22 |    42 |    95 |   130 |   321 |   622 |   741 |   723 |   155 ||  2851
Block: Shield            |    62 |    73 |   215 |   238 |       |       |       |       |       ||   588
       Other             |       |       |       |       |    25 |    56 |    59 |    33 |    14 ||   187
       Reflection        |       |       |       |       |       |     8 |     5 |    14 |       ||    27
       Buckler           |       |       |       |       |       |       |       |   101 |       ||   101
       Rpst.: Long sword |     6 |     8 |    22 |     5 |       |       |       |       |       ||    41
       Scimitar          |       |       |       |    16 |       |       |       |       |       ||    16
       Great sword       |       |       |       |     3 |    59 |    75 |    31 |       |       ||   168
       Triple sword      |       |       |       |       |       |       |   119 |     4 |       ||   123
       Double sword      |       |       |       |       |       |       |       |    82 |    19 ||   101
